| TOP OF THE 1ST |
|
Bowling Green Hot Rods batting - Pitching for West Michigan Whitecaps : RHP Rich Nunez
|
|
Pitching: RHP Rich Nunez
|
|
|
Batting: RHB Kunizo Yanagisawa
|
0-0: Called Strike 0-1: Ball 1-1: SINGLE (Groundball, 6D, EV 100.0 MPH)
|
|
Batting: SHB Wayne Hattan
|
Pickoff Throw to First - Out! 1-3 CS 0-0: Foul Ball, location: 2F 0-1: Ball 1-1: Foul Ball, location: 2F 1-2: Strikes out swinging
|
|
Batting: LHB Rich Matthews
|
0-0: Ball 1-0: Ball 2-0: Ground out 6-3 (Groundball, 6M, EV 85.6 MPH)
|
| Top of the 1st over - 0 runs, 1 hit, 0 errors, 0 left on base; Bowling Green 0 - West Michigan 0 |
| BOTTOM OF THE 1ST |
|
West Michigan Whitecaps batting - Pitching for Bowling Green Hot Rods : RHP Julio Trejo
|
|
Pitching: RHP Julio Trejo
|
|
|
Batting: RHB Jon Goldstein
|
0-0: Bunted foul 0-1: Ball 1-1: Ball 2-1: Foul Ball, location: 2F 2-2: Ground out 5-3 (Groundball, 56, EV 85.0 MPH)
|
|
Batting: LHB George Moran
|
0-0: Ball 1-0: Called Strike 1-1: Foul Ball, location: 2F 1-2: Ball 2-2: Foul Ball, location: 2F 2-2: Ball 3-2: Strikes out swinging
|
|
Batting: LHB Nick Swank
|
0-0: Called Strike 0-1: Foul Ball, location: 2F 0-2: Foul Ball, location: 2F 0-2: Foul Ball, location: 2F 0-2: Ball 1-2: Ball 2-2: Foul Ball, location: 2F 2-2: Strikes out looking
|
| Bottom of the 1st over - 0 runs, 0 hits, 0 errors, 0 left on base; Bowling Green 0 - West Michigan 0 |
| TOP OF THE 2ND |
|
Bowling Green Hot Rods batting - Pitching for West Michigan Whitecaps : RHP Rich Nunez
|
|
Batting: RHB Isaiah Easter
|
0-0: Ball 1-0: Ball 2-0: Ball 3-0: Called Strike 3-1: Fly out, F4 (Popup, 4, EV 63.1 MPH)
|
|
Batting: RHB Jim Erdody
|
0-0: Ball 1-0: Ball 2-0: Foul Ball, location: 2F 2-1: Ball 3-1: Ground out 1-3 (Groundball, 34S, EV 70.0 MPH)
|
|
Batting: RHB Jason Penfield
|
0-0: DOUBLE (Line Drive, 8LXD, EV 106.2 MPH) - OUT at third base trying to stretch hit.
|
| Top of the 2nd over - 0 runs, 1 hit, 0 errors, 0 left on base; Bowling Green 0 - West Michigan 0 |
| BOTTOM OF THE 2ND |
|
West Michigan Whitecaps batting - Pitching for Bowling Green Hot Rods : RHP Julio Trejo
|
|
Batting: RHB German Quiroga
|
0-0: Foul Ball, location: 2F 0-1: Ball 1-1: Ball 2-1: Foul Ball, location: 2F 2-2: Ball 3-2: Strikes out swinging, 2-3 out at first.
|
|
Batting: RHB Joe Zimmerman
|
0-0: Ball 1-0: Called Strike 1-1: Called Strike 1-2: Ground out 6-3 (Groundball, 6, EV 104.4 MPH)
|
|
Batting: RHB Scott Carr
|
0-0: Called Strike 0-1: Ball 1-1: Foul Ball, location: 2F 1-2: Ball 2-2: Strikes out swinging
|
| Bottom of the 2nd over - 0 runs, 0 hits, 0 errors, 0 left on base; Bowling Green 0 - West Michigan 0 |
| TOP OF THE 3RD |
|
Bowling Green Hot Rods batting - Pitching for West Michigan Whitecaps : RHP Rich Nunez
|
|
Batting: RHB Jesse Haddad
|
0-0: Swinging Strike 0-1: Ball 1-1: Called Strike 1-2: Ground out 4-3 (Groundball, 4, EV 98.8 MPH)
|
|
Batting: RHB Eric Waugaman
|
0-0: Called Strike 0-1: Ball 1-1: Called Strike 1-2: Reached on error, E2 (Groundball, 2L, EV 66.9 MPH)
|
|
Batting: RHB Bazyli Andrysiak
|
0-0: Called Strike 0-1: Ball 1-1: Swinging Strike 1-2: Foul Ball, location: 2F 1-2: Ball 2-2: Ball 3-2: Foul Ball, location: 2F 3-2: Grounds into double play, 6-4-3 (Groundball, 56, EV 90.0 MPH)
|
| Top of the 3rd over - 0 runs, 0 hits, 1 error, 0 left on base; Bowling Green 0 - West Michigan 0 |
| BOTTOM OF THE 3RD |
|
West Michigan Whitecaps batting - Pitching for Bowling Green Hot Rods : RHP Julio Trejo
|
|
Batting: LHB Steve Herrera
|
0-0: Swinging Strike 0-1: Foul Ball, location: 2F 0-2: Ball 1-2: Ground out 6-3 (Groundball, 6, EV 88.8 MPH)
|
|
Batting: RHB Yaremka Rzhevsky
|
0-0: Ground out 6-3 (Groundball, 6MD, EV 83.8 MPH)
|
|
Batting: RHB Tony Murray
|
0-0: Swinging Strike 0-1: DOUBLE (Line Drive, 89D, EV 113.1 MPH)
|
|
Batting: RHB Jon Goldstein
|
0-0: Ball 1-0: Called Strike 1-1: Ball 2-1: Ball 3-1: Foul Ball, location: 2F 3-2: Foul Ball, location: 2F 3-2: Foul Ball, location: 2F 3-2: Foul Ball, location: 2F 3-2: Strikes out swinging
|
| Bottom of the 3rd over - 0 runs, 1 hit, 0 errors, 1 left on base; Bowling Green 0 - West Michigan 0 |
| TOP OF THE 4TH |
|
Bowling Green Hot Rods batting - Pitching for West Michigan Whitecaps : RHP Rich Nunez
|
|
Batting: RHB Kunizo Yanagisawa
|
0-0: Ball 1-0: Ball 2-0: Ball 3-0: Called Strike 3-1: Foul Ball, location: 2F 3-2: Strikes out swinging
|
|
Batting: SHB Wayne Hattan
|
0-0: Foul Ball, location: 2F 0-1: Called Strike 0-2: Foul Ball, location: 2F 0-2: Foul Ball, location: 2F 0-2: Foul Ball, location: 2F 0-2: Fly out, F5 (Popup, 56S, EV 78.8 MPH)
|
|
Batting: LHB Rich Matthews
|
0-0: Called Strike 0-1: Swinging Strike 0-2: Ball 1-2: Foul Ball, location: 2F 1-2: Ball 2-2: Ground out 4-3 (Groundball, 4, EV 89.4 MPH)
|
| Top of the 4th over - 0 runs, 0 hits, 0 errors, 0 left on base; Bowling Green 0 - West Michigan 0 |
| BOTTOM OF THE 4TH |
|
West Michigan Whitecaps batting - Pitching for Bowling Green Hot Rods : RHP Julio Trejo
|
|
Batting: LHB George Moran
|
0-0: Called Strike 0-1: Swinging Strike 0-2: Strikes out swinging
|
|
Batting: LHB Nick Swank
|
0-0: Called Strike 0-1: Swinging Strike 0-2: Ball 1-2: Strikes out swinging
|
|
Batting: RHB German Quiroga
|
0-0: Fly out, F9 (Flyball, 9D, EV 89.4 MPH)
|
| Bottom of the 4th over - 0 runs, 0 hits, 0 errors, 0 left on base; Bowling Green 0 - West Michigan 0 |
| TOP OF THE 5TH |
|
Bowling Green Hot Rods batting - Pitching for West Michigan Whitecaps : RHP Rich Nunez
|
|
Batting: RHB Isaiah Easter
|
0-0: Ball 1-0: Ball 2-0: Called Strike 2-1: Fly out, F9 (Flyball, 9, EV 81.2 MPH)
|
|
Batting: RHB Jim Erdody
|
0-0: Fly out, F9 (Flyball, 89XD, EV 103.8 MPH)
|
|
Batting: RHB Jason Penfield
|
0-0: Reaches on Catchers interference
|
|
Batting: RHB Jesse Haddad
|
0-0: Ball 1-0: SINGLE (Line Drive, 9S, EV 108.1 MPH) Jason Penfield to second
|
|
Batting: RHB Eric Waugaman
|
0-0: Ball 1-0: Called Strike 1-1: Ball Wild Pitch! Jason Penfield to third Jesse Haddad to second 2-1: Foul Ball, location: 2F 2-2: Ball 3-2: Strikes out swinging
|
| Top of the 5th over - 0 runs, 1 hit, 1 error, 2 left on base; Bowling Green 0 - West Michigan 0 |
| BOTTOM OF THE 5TH |
|
West Michigan Whitecaps batting - Pitching for Bowling Green Hot Rods : RHP Julio Trejo
|
|
Batting: RHB Joe Zimmerman
|
0-0: Called Strike 0-1: Foul Ball, location: 2F 0-2: Foul Ball, location: 2F 0-2: Ground out 5-3 (Groundball, 56, EV 106.9 MPH)
|
|
Batting: RHB Scott Carr
|
0-0: Called Strike 0-1: Called Strike 0-2: Ball 1-2: Strikes out swinging
|
|
Batting: LHB Steve Herrera
|
0-0: Ball 1-0: Swinging Strike 1-1: Called Strike 1-2: Strikes out swinging
|
| Bottom of the 5th over - 0 runs, 0 hits, 0 errors, 0 left on base; Bowling Green 0 - West Michigan 0 |
| TOP OF THE 6TH |
|
Bowling Green Hot Rods batting - Pitching for West Michigan Whitecaps : RHP Rich Nunez
|
|
Batting: RHB Bazyli Andrysiak
|
0-0: SINGLE (Line Drive, 9LS, EV 107.5 MPH)
|
|
Batting: RHB Kunizo Yanagisawa
|
0-0: Foul Ball, location: 2F 0-1: Ball 1-1: Foul Ball, location: 2F 1-2: Fly out, F9 (Flyball, 9, EV 93.8 MPH)
|
|
Batting: SHB Wayne Hattan
|
0-0: Swinging Strike 0-1: Ball 1-1: Swinging Strike 1-2: Ball 2-2: Fielders Choice at 2nd, 3-6 (Groundball, 3, EV 87.5 MPH)
|
|
Batting: LHB Rich Matthews
|
0-0: Swinging Strike 0-1: Ball 1-1: Called Strike 1-2: Ball 2-2: Ball 3-2: Foul Ball, location: 2F 3-2: Ground out 6-3 (Groundball, 56, EV 99.4 MPH)
|
| Top of the 6th over - 0 runs, 1 hit, 0 errors, 1 left on base; Bowling Green 0 - West Michigan 0 |
| BOTTOM OF THE 6TH |
|
West Michigan Whitecaps batting - Pitching for Bowling Green Hot Rods : RHP Julio Trejo
|
|
Batting: RHB Yaremka Rzhevsky
|
0-0: Fly out, F9 (Flyball, 9LM, EV 89.4 MPH)
|
|
Batting: RHB Tony Murray
|
0-0: Ball 1-0: Called Strike 1-1: Ground out 6-3 (Groundball, 6, EV 79.4 MPH)
|
|
Batting: RHB Jon Goldstein
|
0-0: Called Strike 0-1: Ball 1-1: Ball 2-1: Swinging Strike 2-2: Strikes out looking
|
| Bottom of the 6th over - 0 runs, 0 hits, 0 errors, 0 left on base; Bowling Green 0 - West Michigan 0 |
| TOP OF THE 7TH |
|
Bowling Green Hot Rods batting - Pitching for West Michigan Whitecaps : RHP Rich Nunez
|
|
Batting: RHB Isaiah Easter
|
0-0: Ground out 1-3 (Groundball, 34S, EV 70.6 MPH)
|
|
Batting: RHB Jim Erdody
|
0-0: Ball 1-0: SINGLE (Groundball, 6MD, EV 103.1 MPH)
|
|
Batting: RHB Jason Penfield
|
0-0: Ball 1-0: Foul Ball, location: 2F 1-1: Fly out, F8 (Flyball, 8LXD, EV 100.0 MPH)
|
|
Batting: RHB Jesse Haddad
|
0-0: Ball 1-0: Foul Ball, location: 2F 1-1: Ball 2-1: Ball 3-1: SINGLE (Line Drive, 78S, EV 90.0 MPH) Jim Erdody to second Runner from 2nd tries for 3rd, SAFE, throw by LF made to third
|
|
Batting: RHB Eric Waugaman
|
0-0: Called Strike 0-1: Ball 1-1: Foul Ball, location: 2F 1-2: Foul Ball, location: 2F 1-2: Ball 2-2: Foul Ball, location: 2F 2-2: Foul Ball, location: 2F 2-2: Ball 3-2: Foul Ball, location: 2F 3-2: Ground out 6-3 (Groundball, 6, EV 103.1 MPH)
|
| Top of the 7th over - 0 runs, 2 hits, 0 errors, 2 left on base; Bowling Green 0 - West Michigan 0 |
| BOTTOM OF THE 7TH |
|
West Michigan Whitecaps batting - Pitching for Bowling Green Hot Rods : RHP Julio Trejo
|
|
Batting: LHB George Moran
|
0-0: Called Strike 0-1: Hit by Pitch
|
|
Batting: LHB Nick Swank
|
0-0: Called Strike 0-1: Fielders Choice at 2nd, 6-4 (Groundball, 56, EV 80.0 MPH)
|
|
Batting: RHB German Quiroga
|
0-0: Ball 1-0: Called Strike 1-1: Called Strike 1-2: Ball 2-2: Strikes out swinging
|
|
Batting: RHB Joe Zimmerman
|
0-0: Ball 1-0: Ball 2-0: Ball 3-0: Base on Balls Nick Swank to second
|
|
Batting: RHB Scott Carr
|
0-0: Ball 1-0: Called Strike 1-1: Called Strike 1-2: Ball 2-2: Ball 3-2: Foul Ball, location: 2F 3-2: Base on Balls Nick Swank to third Joe Zimmerman to second
|
|
Batting: LHB Steve Herrera
|
0-0: Ball 1-0: Swinging Strike 1-1: Foul Ball, location: 2F 1-2: SINGLE (Groundball, 4MD, EV 96.2 MPH) Nick Swank scores Joe Zimmerman to third Scott Carr to second Runner from 3rd tries for Home, SAFE, throw by CF to home
|
|
Pitching: RHP Brandon Isabell
|
|
|
Batting: RHB Yaremka Rzhevsky
|
0-0: Ball 1-0: Ball 2-0: Ball 3-0: Called Strike 3-1: Called Strike 3-2: Strikes out swinging
|
| Bottom of the 7th over - 2 runs, 1 hit, 0 errors, 2 left on base; Bowling Green 0 - West Michigan 2 |
| TOP OF THE 8TH |
|
Bowling Green Hot Rods batting - Pitching for West Michigan Whitecaps : RHP Rich Nunez
|
|
Batting: RHB Bazyli Andrysiak
|
0-0: Ground out 3-1 (Groundball, 34, EV 108.8 MPH)
|
|
Pinch Hitting: LHB Mario Ocana
|
0-0: Called Strike 0-1: Ground out 4-3 (Groundball, 4, EV 85.6 MPH)
|
|
Batting: SHB Wayne Hattan
|
0-0: Called Strike 0-1: Ball 1-1: Foul Ball, location: 2F 1-2: Ball 2-2: Ball 3-2: Ground out 4-3 (Groundball, 4, EV 87.5 MPH)
|
| Top of the 8th over - 0 runs, 0 hits, 0 errors, 0 left on base; Bowling Green 0 - West Michigan 2 |
| BOTTOM OF THE 8TH |
|
West Michigan Whitecaps batting - Pitching for Bowling Green Hot Rods : RHP Brandon Isabell
|
|
Now at 2B: Mario Ocana
|
|
|
Batting: RHB Tony Murray
|
0-0: Ball 1-0: Ball 2-0: Foul Ball, location: 2F 2-1: Called Strike 2-2: Strikes out swinging
|
|
Batting: RHB Jon Goldstein
|
0-0: Reached on error, E6 (Groundball, 56, EV 96.9 MPH)
|
|
Batting: LHB George Moran
|
0-0: Fielders Choice at 2nd, 5-4 (Groundball, 56, EV 86.9 MPH)
|
|
Batting: LHB Nick Swank
|
0-0: Ball George Moran steals 2nd base 1-0: Fly out, F7 (Line Drive, 7S, EV 103.8 MPH)
|
| Bottom of the 8th over - 0 runs, 0 hits, 1 error, 1 left on base; Bowling Green 0 - West Michigan 2 |
| TOP OF THE 9TH |
|
Bowling Green Hot Rods batting - Pitching for West Michigan Whitecaps : RHP Rich Nunez
|
|
Pitching: RHP Tony Kepp
|
|
|
Batting: LHB Rich Matthews
|
0-0: Ball 1-0: Foul Ball, location: 2F 1-1: TRIPLE (Line Drive, 89XD, EV 108.8 MPH)
|
|
Batting: RHB Isaiah Easter
|
0-0: Called Strike 0-1: Foul Ball, location: 2F 0-2: Ball 1-2: Reached on error, E6 (Groundball, 6, EV 100.6 MPH) Rich Matthews scores
|
|
Batting: RHB Jim Erdody
|
0-0: SINGLE (Groundball, 56, EV 105.6 MPH) (infield hit) Isaiah Easter to third
|
|
Batting: RHB Jason Penfield
|
0-0: Swinging Strike 0-1: Ball 1-1: Foul Ball, location: 2F 1-2: Strikes out swinging
|
|
Batting: RHB Jesse Haddad
|
0-0: Foul Ball, location: 2F 0-1: Ball 1-1: Ball 2-1: Fly out, F7 (Flyball, 7D, EV 81.9 MPH) Runner from 3rd tags up, OUT at HOME! 7-2
|
| Top of the 9th over - 1 run, 2 hits, 1 error, 1 left on base; Bowling Green 1 - West Michigan 2 |
|